 Dungeon Crawl Stone Soup version 0.30-a0-930-gb9d0489357 (webtiles) character file.

Game seed: 13039366185184118386

18 benadryl the Conjurer (level 2, -2/19 HPs)
             Began as a Demonspawn Conjurer on Mar 23, 2023.
             Succumbed to a kobold's poison
             ... on level 1 of the Dungeon.
             The game lasted 00:01:13 (326 turns).

benadryl the Conjurer (Demonspawn Conjurer)          Turns: 326, Time: 00:01:14

Health: -2/19      AC:  3    Str:  7    XL:     2   Next: 48%
Magic:  1/6        EV: 12    Int: 19    God:
Gold:   8          SH:  0    Dex: 11    Spells: 6/7 levels left

rFire   . . .      SeeInvis .    c - +0 dagger
rCold   . . .      Faith    .    (no shield)
rNeg    . . .      Spirit   .    a - +0 robe
rPois   .          Reflect  .    (no helmet)
rElec   .          Rampage  .    (no cloak)
rCorr   .                        (no gloves)
Will    .....                    g - +0 pair of boots
Stlth   ++                       (no amulet)
HPRegen 0.23/turn                (no ring)
MPRegen 0.10/turn                (no ring)

@: lethally poisoned (-2 -> -17), flying
A: demonic guardian 1
a: no special abilities


You were on level 1 of the Dungeon.
You visited 1 branch of the dungeon, and saw 1 of its levels.

You collected 8 gold pieces.

Inventory:

Hand Weapons
 c - a +0 dagger (weapon)
Armour
 a - a +0 robe (worn)
 g - a +0 pair of boots (worn)
Magical Staves
 f - a staff of conjuration
Scrolls
 d - 3 scrolls of teleportation {unknown}
 e - a scroll of identify {unknown}
Potions
 b - 2 potions of magic


   Skills:
 - Level 1.7 Dodging
 - Level 1.7 Stealth
 * Level 3.0 Spellcasting
 - Level 4.0 Conjurations


You had 6 spell levels left.
You knew the following spells:

 Your Spells              Type           Power      Damage    Failure   Level
a - Magic Dart            Conj           72%        1d6       3%          1

Your spell library contained the following spells:

 Spells                   Type           Power      Damage    Failure   Level
 Searing Ray              Conj           36%        2d5       4%          2
 Dazzling Flash           Conj/Hex       20%        N/A       21%         3
 Fulminant Prism          Conj/Hex       5%         3d6       54%         4
 Iskenderun's Mystic Bla  Conj/Tloc      10%        2d4       54%         4


Dungeon Overview and Level Annotations

Branches:
Dungeon (1/15)

Altars:


Innate Abilities, Weirdness & Mutations

A weak demonic guardian rushes to your aid.


Message History

The jackal is moderately wounded.
The jackal barely misses you.
Your iron imp misses the jackal.
The jackal closely misses you.
c - a +0 dagger (weapon)
Your iron imp closely misses the jackal.
You hit the jackal but do no damage.
The jackal is moderately wounded.
The jackal closely misses you. x2
You hit the jackal.
You kill the jackal!
Your iron imp misses the goblin.
You closely miss the goblin.
The goblin is moderately wounded.
The goblin closely misses you.
Your iron imp hits the goblin.
The goblin dies!
Your Spellcasting skill increases to level 3!
Press: ? - help, v - describe, . - travel
Here: a kobold, wielding a +1 short sword of venom (ally target)
The floor.
Unknown command.
Your iron imp closely misses the kobold.
You don't have enough magic to cast this spell.
You don't have enough magic to cast this spell.
Your iron imp completely misses the kobold.
The kobold hits you with a +1 short sword of venom.
You are lethally poisoned!
You hit the kobold but do no damage.
You feel very sick.
The frilled lizard bites your iron imp but does no damage.
Your iron imp hits the frilled lizard.
The frilled lizard dies!
The kobold hits you with a +1 short sword of venom.
You are more poisoned.
* * * LOW HITPOINT WARNING * * *
You feel very sick.
Your iron imp completely misses the kobold.
It was a potion of flight.
You feel very buoyant.
You fly up into the air.
You die...

#.##(......# #.
.####..#.......# ..
.#...†........##
###.#... #........##
...?..######..(†...#
#........###.......#
#.#....(............
#.>..#..#####...).##
###.@.##.#####.......
#...K###...#...###.#.
#....##.5.......#####.##
#.## #)####.....###..# .
#.##...#.......##
####.##......####.###
..######K.........#.#
#...#
:..††.l..##>##....#.#
#..#.#
....#######.#####.#.#
#.##..


You could see a kobold (ally target) and a friendly iron imp (summoned).

Vanquished Creatures
  A dart slug (D:1)
  A ball python (D:1)
  An endoplasm (D:1)
  2 goblins (D:1)
  3 jackals (D:1)
  A bat (D:1)
  A frilled lizard (D:1)
  A kobold (D:1)
  2 rats (D:1)
13 creatures vanquished.

Vanquished Creatures (collateral kills)
  A goblin (D:1)
  A frilled lizard (D:1)
2 creatures vanquished.

Grand Total: 15 creatures vanquished

Notes
Turn   | Place    | Note
-------+----------+-------------------------------------------
     0 | D:1      | benadryl the Demonspawn Conjurer began the quest for the
                  | Orb.
     0 | D:1      | Reached XP level 1. HP: 13/13 MP: 3/3
   157 | D:1      | Gained mutation: A weak demonic guardian rushes to your
                  | aid. [demonic ancestry]
   157 | D:1      | Reached XP level 2. HP: 19/19 MP: 3/5
   326 | D:1      | Succumbed to a kobold's poison

Illustrated notes

Levels and vault maps discovered:
D:1:      saegor_arrival_simple_e, layout_rooms

Skill      XL: |  1  2 |
---------------+-------+-----
Spellcasting   | 3 |  3.0
Dodging        | |  1.7
Stealth        | |  1.7
Conjurations   | |  4.0

Action                     || total
---------------------------++-------
  Melee: Dagger            ||    10
         Staff             ||     1
   Cast: Magic Dart        ||    18
    Use: Potion            ||     1
 Armour: Robe              ||     1
  Dodge: Dodged            ||     9

Table legend: (Time is in decaauts)
 A = Elapsed time spent in this place.
 B = Non-inter-level travel time spent in this place.
 C = Inter-level travel time spent in this place.
 D = Time resting spent in this place.
 E = Time spent auto-exploring this place.
 F = Levels seen in this place.
 G = Mean time per level.
                   A        B        C        D        E       F      G
               +--------+--------+--------+--------+--------+-----+--------+
         Total |    324 |    324 |      0 |      3 |    245 |   1 |  324.0 |
       Dungeon |    324 |    324 |      0 |      3 |    245 |   1 |  324.0 |
               +--------+--------+--------+--------+--------+-----+--------+

Top non-repeatable levels by time:
     D:1: 324 daAuts
